 Dungeon Crawl Stone Soup version 0.27.1-33-g824d729ab1 (webtiles) character file.

Game seed: 16733010618943685701

142 raph the Cudgeller (level 5, -5/50 HPs)
             Began as a Troll Berserker on Dec 27, 2021.
             Was a Believer of Trog.
             Slain by an orc warrior (10 damage)
             ... on level 4 of the Dungeon.
             The game lasted 00:03:35 (2418 turns).

raph the Cudgeller (Troll Berserker)                Turns: 2418, Time: 00:03:36

Health: -5/50      AC:  4    Str: 25    XL:     5   Next: 3%
Magic:  4/4        EV: 10    Int:  3    God:    Trog [**....]
Gold:   41         SH:  0    Dex: 10    Spells: 4/4 levels left

rFire    . . .     SeeInvis .   a - +0 mace
rCold    . . .     Faith    .   (no shield)
rNeg     . . .     Spirit   .   b - +0 animal skin
rPois    .         Reflect  .   (helmet restricted)
rElec    .         Harm     .   (no cloak)
rCorr    .         Rampage  .   (gloves unavailable)
Will     .....                  (boots unavailable)
Stlth    +.........             (no amulet)
HPRegen  1.16/turn              (no ring)
MPRegen  0.09/turn              (no ring)

@: confused, lethally poisoned (-5 -> -6)
A: large, unfitting armour, claws 3, regeneration 1, shaggy fur 1, tough skin 1
a: Renounce Religion, Berserk, Trog's Hand


You were on level 4 of the Dungeon.
You worshipped Trog.
Trog was pleased with you.
You visited 1 branch of the dungeon, and saw 4 of its levels.

You collected 81 gold pieces.
You spent 40 gold pieces at shops.

Inventory:

Hand Weapons
 a - a +0 mace (weapon)
Armour
 b - a +0 animal skin (worn)
Scrolls
 g - 2 scrolls of teleportation
Potions
 c - 3 potions of attraction
 e - 3 potions of might
 f - a potion of invisibility
 h - a potion of resistance
 i - a potion of heal wounds


   Skills:
 - Level 2.4 Fighting
 + Level 5.2 Maces & Flails
 - Level 2.4 Dodging


You had 4 spell levels left.
You didn't know any spells.
Your spell library was empty.

Dungeon Overview and Level Annotations

Branches:
Dungeon (4/15)
 Temple: D:4-7

Altars:

Shops:
D:3 *


Innate Abilities, Weirdness & Mutations

You are too large for most types of armour.
You have claws for hands.
Your natural rate of healing is unusually fast.
You are covered in fur. (AC +1)
You have tough skin. (AC +1)


Message History

There is a stone staircase leading down here.
You climb downwards.
The adder barely misses you. The orc hits you with a +0 dagger.
The adder barely misses you.
The orc wizard points at you and mumbles some strange words.
You are confused.
There is a stone staircase leading up here.
You are too confused!
You are too confused!
You are too confused!
You are too confused!
HP restored.
The adder bites you. The orc closely misses you. The adder bites you.
You are poisoned.
The adder poisons you!
In your confused state, you trip and fall back down the stairs.
You feel sick. The orc hits you but does no damage. The adder bites you.
You are more poisoned.
The adder poisons you!
You are too confused!
You hit the orc.
The orc is severely wounded.
You feel very sick. The orc closely misses you. The adder bites you.
The orc warrior hits you from afar with a +0 trident!
Okay, then.
Okay, then.
You feel sick. The adder barely misses you.
The orc wizard points at you and mumbles some strange words.
You resist with some effort.
The orc warrior throws a boomerang.
The boomerang hits you!!
* * * LOW HITPOINT WARNING * * *
The adder bites you.
* * * LOW HITPOINT WARNING * * *
The orc hits you but does no damage.
In your confused state, you trip and fall back down the stairs.
* * * LOW HITPOINT WARNING * * *
You feel sick.
The orc wizard hits you but does no damage.
The orc warrior hits you from afar with a +0 trident!
You die...

.... ......
...........
.......... # #+#
#..##..#
..##..###..##..##
................#
.............<..#
..............)[#
#..o@S....$..#
#...o.......!#
.....o##...##..##
...... #########
..... ..... #.#.
####


You could see an orc warrior, an orc wizard, an adder and an orc.

Vanquished Creatures
  Jessica (D:2)
  An orc wizard (D:3)
  An adder (D:2)
  3 worms (D:2)
  2 dart slugs (D:1)
  4 orcs (D:3)
  5 bats
  3 endoplasms
  2 giant cockroaches
  3 goblins
  4 hobgoblins
  3 jackals (D:1)
  8 quokkas
  8 ball pythons
  2 frilled lizards
  8 kobolds
  6 rats
64 creatures vanquished.

Notes
Turn   | Place    | Note
-------+----------+-------------------------------------------
     0 | D:1      | raph the Troll Berserker began the quest for the Orb.
     0 | D:1      | Reached XP level 1. HP: 22/22 MP: 0/0
    37 | D:1      | Found a faded altar of an unknown god.
    63 | D:1      | Reached skill level 3 in Maces & Flails
   153 | D:1      | Reached XP level 2. HP: 29/29 MP: 1/1
   632 | D:1      | Reached XP level 3. HP: 29/36 MP: 2/2
   699 | D:1      | Reached ** piety under Trog
   969 | D:2      | Reached skill level 4 in Maces & Flails
  1214 | D:2      | Reached XP level 4. HP: 44/44 MP: 3/3
  1502 | D:2      | Noticed Jessica
  1512 | D:2      | Killed Jessica
  1848 | D:3      | Reached skill level 5 in Maces & Flails
  2134 | D:3      | Found Lotatt's Assorted Antiques.
  2137 | D:3      | Reached XP level 5. HP: 50/50 MP: 4/4
  2147 | D:3      | Bought a bubbling pink potion for 20 gold pieces
  2147 | D:3      | Bought a black potion for 20 gold pieces
  2297 | D:4      | Noticed an orc warrior
  2418 | D:4      | Slain by an orc warrior

Illustrated notes

Levels and vault maps discovered:
D:1:      lemuel_arrival_cross, layout_loops_corners,
          hellmonk_ecumenical_altar_crossroads
D:2:      layout_loops_ring, uniq_jessica
D:3:      layout_rooms, serial_shops, nicolae_shop_waterfront
D:4:      layout_gridville

Skill      XL: |  1  2  3  4 |
---------------+-------------+-----
Maces & Flails | 3 4 5 |  5.2
Fighting       | |  2.4
Dodging        | |  2.4

Action                   |  1- 3 |  4- 6 || total
-------------------------+-------+-------++-------
Melee: Mace              |   132 |    48 ||   180
Invok: Berserk           |       |     2 ||     2
  Use: Scroll            |       |    10 ||    10
Armor: Animal skin       |    58 |    16 ||    74
Dodge: Dodged            |    87 |    31 ||   118
